AoeStats
← zelvos

Highland

504635913Analyzed
4v4 RM · 26d ago on Sep 6, 2026· 65m 39s· 8 players
Game mode
Random Map
Map size
Large (8 player)
Population
200
Speed
Normal
Resources
Standard
Victory
Conquest
Starting age
Dark Age
Ending age
Imperial Age
RankedLock teamsTeams togetherTeam positionsShared explorationLock speedFull tech treeHidden civsTurbo modeCheats
Victory
Defeat
🇺🇸 Koreans · United States
1036
+14
🇻🇳 Franks · Vietnam
993
+16
🇵🇰 Poles · Pakistan
975
+16
🇨🇳 Spanish · China
953
+17
🇺🇸 Inca · United States
1011
-16
🇺🇸 Huns · United States
1003
-17
🇺🇸 Wu · United States
982
-16
🇺🇸 Teutons · United States
948
-14
chitam200716
11:33 Feudal Age
17:13 Castle Age
16:02 Double-Bit Axe
32:42 Imperial Age
30:00 Loom
30:51 Wheelbarrow
30:57 Wheelbarrow
30:34 Forging
30:29 Scale Barding Armor
30:16 Gold Mining
32:16 Iron Casting
31:43 Husbandry
31:04 Light Cavalry
32:48 Hand Cart
33:34 Chain Barding Armor
34:27 Blast Furnace
32:54 Cavalier
35:27 Plate Barding Armor
40:30 Paladin
ManoS_Sucias
8:04 Loom
10:13 Feudal Age
16:29 Castle Age
15:19 Horse Collar
18:18 Double-Bit Axe
18:49 Town Watch
21:46 Wheelbarrow
24:04 Scale Barding Armor
25:45 Forging
26:57 Husbandry
27:46 Iron Casting
27:09 Fletching
28:35 Hand Cart
29:26 Town Patrol
33:32 Iron Casting
33:18 Chain Barding Armor
36:18 Imperial Age
34:37 Bodkin Arrow
36:24 Cavalier
37:07 Bracer
37:08 Scale Mail Armor
38:50 Chain Mail Armor
39:01 Ballistics
39:42 Chemistry
38:29 Elite Skirmisher
42:00 Thumb Ring
43:52 Man-at-Arms
43:56 Elite Fire Lancer
44:37 Squires
45:13 Plate Mail Armor
45:39 Fortified Wall
45:37 Man-at-Arms
46:02 Gambesons
钠呐纳卡姆
12:14 Feudal Age
12:45 Fishing Lines
16:12 Loom
16:16 Town Watch
18:59 Castle Age
18:38 Double-Bit Axe
19:23 Padded Archer Armor
20:29 Bloodlines
20:20 Husbandry
20:12 Horse Collar
21:15 Bow Saw
21:30 Leather Archer Armor
22:43 Gillnets
32:37 Imperial Age
30:35 Stone Mining
30:37 Gold Mining
30:55 Light Cavalry
32:49 Stone Shaft Mining
33:42 Conscription
33:35 Cavalier
34:30 Elite Conquistador
36:50 Supremacy
38:09 Chemistry
41:07 Wheelbarrow
42:41 Hand Cart
43:25 Ring Archer Armor
43:20 Town Patrol
44:08 Scale Barding Armor
47:31 Chain Barding Armor
47:10 Loom
47:39 Forging
48:15 Paladin
56:31 Hoardings
64:11 Iron Casting
64:13 Plate Barding Armor
M.Zahd
4:48 Loom
13:09 Feudal Age
14:14 Horse Collar
18:08 Castle Age
19:45 Wheelbarrow
25:22 Heavy Plow
25:10 Double-Bit Axe
26:18 Bow Saw
26:20 Stone Mining
28:07 Stone Shaft Mining
28:56 Gold Mining
30:16 Hand Cart
30:59 Bloodlines
30:51 Husbandry
30:15 Light Cavalry
32:35 Scale Barding Armor
32:42 Forging
33:40 Chain Barding Armor
33:47 Szlachta Privileges
35:12 Iron Casting
43:13 Imperial Age
43:17 Cavalier
45:46 Blast Furnace
tommy bobbins
5:21 Loom
9:58 Loom
11:44 Feudal Age
14:12 Wheelbarrow
16:41 Castle Age
14:32 Double-Bit Axe
15:02 Gold Mining
15:31 Horse Collar
16:14 Stone Mining
17:50 Bow Saw
19:52 Gold Shaft Mining
23:56 Wheelbarrow
23:56 Fletching
27:47 Squires
28:13 Hand Cart
28:39 Caravan
29:12 Padded Archer Armor
29:28 Bodkin Arrow
30:28 Heavy Plow
32:17 Ballistics
34:32 Imperial Age
33:17 Red Cliffs Tactics
34:30 Murder Holes
34:40 Padded Archer Armor
35:16 Bracer
35:45 Conscription
35:46 Elite Fire Archer
37:56 Leather Archer Armor
38:43 Two-Man Saw
40:26 Chemistry
41:28 Sitting Tiger
Alaresun
6:02 Loom
10:26 Feudal Age
11:05 Horse Collar
11:11 Double-Bit Axe
15:49 Gold Mining
21:42 Castle Age
20:01 Scale Mail Armor
22:03 Wheelbarrow
21:44 Forging
22:03 Fletching
22:04 Pikeman
22:46 Squires
24:13 Iron Casting
24:13 Chain Mail Armor
23:56 Arson
25:36 Bow Saw
27:06 Stone Mining
27:25 Heavy Plow
28:29 Bodkin Arrow
31:36 Hand Cart
34:57 Imperial Age
34:08 Caravan
36:25 Plate Mail Armor
36:55 Blast Furnace
35:27 Capped Ram
37:17 Conscription
37:47 Conscription
37:47 Halberdier
40:12 Elite Teutonic Knight
44:32 Siege Engineers
53:58 Chemistry
59:46 Crop Rotation
60:19 Two-Man Saw
zelvos
12:06 Feudal Age
12:22 Champi Runner
23:01 Castle Age
22:42 Horse Collar
22:48 Double-Bit Axe
22:57 Stone Mining
23:24 Pikeman
25:38 Forging
26:31 Heavy Plow
26:43 Bow Saw
27:11 Wheelbarrow
29:26 Gold Mining
29:04 Elite Skirmisher
35:27 Stone Shaft Mining
Waj
2:48 Loom
12:16 Feudal Age
16:08 Castle Age
14:24 Double-Bit Axe
18:33 Gold Mining
19:14 Horse Collar
21:11 Bloodlines
23:07 Wheelbarrow
24:04 Husbandry
25:25 Elite Skirmisher
29:24 Pikeman
31:09 Forging
34:40 Iron Casting
34:00 Fletching
34:10 Padded Archer Armor
39:05 Murder Holes
46:23 Iron Casting
61:19 Squires
Connection lost

Rejoining the realm…

Still unreachable

The connection could not be restored.

Session expired

The server has moved on; the page needs a fresh start.